AoeStats
← ikbendom

Arabia

510056962Analyzed
1v1 RM · 3d ago on Sep 29, 2026· 37m 44s· 2 players
Game mode
Random Map
Map size
Tiny (2 player)
Population
200
Speed
Normal
Resources
Standard
Victory
Conquest
Starting age
Dark Age
Ending age
Imperial Age
RankedLock teamsTeams togetherTeam positionsShared explorationLock speedFull tech treeHidden civsTurbo modeCheats
Victory
Defeat
🇮🇳 Hindustanis · India
987
+14
🇳🇱 Chinese · Netherlands
939
-33
Markus_Wolf
9:41 Feudal Age
7:56 Loom
10:09 Double-Bit Axe
12:31 Horse Collar
17:43 Castle Age
16:28 Gold Mining
18:50 Bow Saw
19:37 Husbandry
19:48 Bloodlines
19:46 Scale Barding Armor
19:42 Scale Mail Armor
19:52 Forging
19:59 Heavy Plow
22:16 Stone Mining
23:02 Gold Shaft Mining
26:31 Town Watch
27:21 Wheelbarrow
27:53 Squires
27:38 Arson
28:11 Chain Mail Armor
28:31 Iron Casting
31:36 Imperial Age
29:25 Hand Cart
31:33 Fletching
32:41 Conscription
32:20 Bodkin Arrow
35:15 Two-Man Saw
34:18 Grand Trunk Road
33:42 Elite Ghulam
36:56 Blast Furnace
35:56 Bracer
ikbendom
9:03 Loom
10:49 Feudal Age
9:07 Loom
11:21 Double-Bit Axe
12:14 Horse Collar
13:57 Wheelbarrow
14:14 Gold Mining
17:14 Stone Mining
21:47 Castle Age
20:14 Fletching
21:04 Padded Archer Armor
21:55 Crossbowman
25:41 Bodkin Arrow
27:41 Thumb Ring
32:40 Leather Archer Armor
32:55 Hand Cart
34:53 Ballistics
34:30 Murder Holes
39:13 Imperial Age
Connection lost

Rejoining the realm…

Still unreachable

The connection could not be restored.

Session expired

The server has moved on; the page needs a fresh start.